 Dungeon Crawl Stone Soup version 0.18.1-5-g4a78601 (webtiles) character file.

42 inmateoo the Sneak (level 3, 0/15 HPs)
             Began as a Felid Transmuter on May 10, 2016.
             Slain by Natasha (7 damage)
             ... on level 2 of the Dungeon.
             The game lasted 00:03:40 (1514 turns).

inmateoo the Sneak (Felid Transmuter)               Turns: 1514, Time: 00:03:41

Health: 0/15       AC:  1    Str:  6    XL:     3   Next: 33%
Magic:  7/7        EV: 18    Int: 14    God:
Gold:   74         SH:  0    Dex: 17    Spells: 2 memorised, 3 levels left
                                        Lives:  0   Deaths: 0

rFire  . . .     SeeInvis +       - Unarmed
rCold  . . .     Gourm    .     (armour unavailable)
rNeg   . . .     Faith    .     (shield unavailable)
rPois  .         Spirit   .     (helmet unavailable)
rElec  .         Dismiss  .     (cloak unavailable)
rCorr  .         Reflect  .     (gloves unavailable)
SustAt .         Harm     .     (boots unavailable)
MR     .....                    (no amulet)
Stlth  +++.......               (no ring)
                                (no ring)

@: quick, not resistant to hostile enchantments, fairly stealthy
A: no armour, no weapons or thrown items, claws 1, fangs 3, see invisible,
carnivore 3, speed 1, shaggy fur 1, slow metabolism 1, sharp paws
a: no special abilities


You were on level 2 of the Dungeon.
You were very full.

You visited 1 branch of the dungeon, and saw 2 of its levels.

You collected 74 gold pieces.

Inventory:

Missiles
 a - 9 arrows
Scrolls
 f - a scroll of remove curse {unknown}
 h - a scroll of enchant armour {unknown}
 i - a scroll of teleportation
 j - a scroll of fear {unknown}
 k - a scroll of enchant weapon {unknown}
Potions
 d - 4 potions of cancellation
 e - a potion of flight
 l - a potion of curing
 m - a potion of lignification {unknown}
Books
 b - a book of Changes

   Spells                             Type                      Level
   a - Beastly Appendage              Transmutation                1
   b - Sticks to Snakes               Transmutation                2
   c - Spider Form                    Transmutation/Poison         3
   d - Ice Form                       Ice/Transmutation            4
   e - Blade Hands                    Transmutation                5
Comestibles
 c - 3 meat rations


   Skills:
 - Level 1.0 Fighting
 - Level 2.9 Dodging
 + Level 4.0 Stealth
 - Level 3.1 Unarmed Combat
 - Level 2.0 Spellcasting
 - Level 2.1 Transmutations


You had 3 spell levels left.
You knew the following spells:

 Your Spells              Type           Power        Failure   Level  Hunger
a - Beastly Appendage     Trmt           #.....       12%         1    ##.....
b - Sticks to Snakes      Trmt           #.......     17%         2    ###....


Dungeon Overview and Level Annotations

Branches:
Dungeon (2/15)

Altars:
Fedhas
Ru

Annotations:
D:2 Natasha


Innate Abilities, Weirdness & Mutations

You cannot wear armour.
You are incapable of wielding weapons or throwing items.
You have sharp claws.
You have razor-sharp teeth.
You have supernaturally acute eyesight.
You are carnivorous and can eat meat at any time.
You cover ground quickly.
You are covered in fur (AC +1).
You have a slow metabolism.
Your sharp claws are effective at attacking unaware monsters.


Message History

Your surroundings suddenly seem different.
Found 10 gold pieces.
Found a stone staircase leading up.
A giant newt and Natasha come into view.
You pounce on the unaware helpless giant newt!
You mangle the giant newt!!
You kill the giant newt!
You see here 10 gold pieces.
A bat comes into view.
You pounce on the unaware helpless Natasha!
You claw Natasha!
Natasha is almost dead.
Natasha mumbles some strange words.
You completely miss Natasha.
Natasha is almost dead.
Natasha claws you!
Ouch! That really hurt!
You scratch Natasha but do no damage.
Natasha is almost dead.
Natasha claws you!
You die...

#.. #.# #.###
#####...
#......####+
#.......<.. #
#......#.#b...
#....$@5......
#......h.##...
#..†.....#
#######.....
..#... #.##...
.. ... ... ..


You could see Natasha, a white imp and a bat.

Vanquished Creatures
  An ooze (D:1)
  A dart slug (D:1)
  A giant gecko (D:1)
  3 bats (D:1)
  3 giant cockroaches
  A goblin (D:1)
  5 hobgoblins
  4 kobolds (D:1)
  A giant newt (D:2)
20 creatures vanquished.

Vanquished Creatures (collateral kills)
  2 adders (D:2)
2 creatures vanquished.

Grand Total: 22 creatures vanquished

Notes
Turn   | Place    | Note
--------------------------------------------------------------
     0 | D:1      | inmateoo the Felid Transmuter began the quest for the Orb.
     0 | D:1      | Reached XP level 1. HP: 9/9 MP: 4/4
    47 | D:1      | Reached skill level 1 in Stealth
    67 | D:1      | Reached XP level 2. HP: 11/12 MP: 6/6
    80 | D:1      | Reached skill level 2 in Stealth
   496 | D:1      | Learned a level 2 spell: Sticks to Snakes
   562 | D:1      | Reached skill level 3 in Stealth
  1111 | D:2      | Reached XP level 3. HP: 15/15 MP: 2/7
  1165 | D:2      | Found a sacrificial altar of Ru.
  1228 | D:2      | Reached skill level 4 in Stealth
  1467 | D:2      | Found a blossoming altar of Fedhas.
  1507 | D:2      | Noticed Natasha
  1514 | D:2      | Slain by Natasha

Skill      XL: |  1  2  3 |
---------------+----------+-----
Stealth        | 1 3 4 |  4.0
Fighting       | |  1.0
Dodging        | |  2.9
Unarmed Combat | |  3.1
Spellcasting   | |  2.0
Transmutations | |  2.1

Action                   || total
-------------------------++-------
Melee: Unarmed           ||    75
       Bite              ||     8
       Punch             ||     1
 Cast: Sticks to Snakes  ||     3
       Beastly Appendage ||     2
  Use: Scroll            ||     4
 Stab: Sleeping          ||     7
  Eat: Chunk             ||     8
Armor: Skin              ||     5
Dodge: Dodged            ||    67
